 Dungeon Crawl Stone Soup version 0.21-a0-59-g7b0e191 (webtiles) character file.

1017 grindst0ne the Covert (level 8, 0/52 HPs)
             Began as a Vampire Enchanter on June 16, 2017.
             Slain by a rat (1 damage)
             ... in a sewer.
             The game lasted 00:21:40 (9314 turns).

grindst0ne the Covert (Vampire Enchanter)           Turns: 9314, Time: 00:21:41

Health: 0/52       AC:  4    Str:  7    XL:     8   Next: 2%
Magic:  11/11      EV: 13    Int: 17    God:
Gold:   176        SH:  0    Dex: 17    Spells: 3/11 levels left

rFire    . . .     SeeInvis +   m - -1 dagger (curse)
rCold    . . .     Gourm    +   (no shield)
rNeg     + . .     Faith    .   b - +0 robe
rPois    .         Spirit   .   h - +1 hat
rElec    .         Reflect  .   i - +0 cloak
rCorr    .         Harm     .   (no gloves)
MR       .....     Rnd*Tele +   (no boots)
Stlth    ++++......             o - amulet of the gourmand (curse)
HPRegen  0.17/turn              l - ring of teleportation (curse)
MPRegen  0.12/turn              n - ring of loudness (curse)

@: no status effects
A: fangs 3, see invisible, unbreathing
a: Bat Form


You were in a sewer.
You were not thirsty.

You visited 1 branch of the dungeon, and saw 5 of its levels.
You also visited: Sewer.

You collected 176 gold pieces.

Inventory:

Hand Weapons
 a - a +2 dagger
 m - a cursed -1 dagger (weapon)
Armour
 b - a +0 robe (worn)
 h - a +1 hat (worn)
 i - a +0 cloak (worn)
Jewellery
 f - an uncursed ring of positive energy {unknown}
 l - a cursed ring of teleportation (left hand)
 n - a cursed ring of loudness (right hand)
 o - a cursed amulet of the gourmand (around neck)
Scrolls
 g - a scroll of identify
Potions
 e - a potion of mutation
 q - 6 potions of blood
Books
 c - a book of Maledictions

   Spells                             Type                      Level
   a - Corona                         Hexes                        1
   b - Ensorcelled Hibernation        Hexes/Ice                    2
   c - Confuse                        Hexes                        3
   d - Tukima's Dance                 Hexes                        3
   e - Dazzling Spray                 Conjuration/Hexes            3


   Skills:
 - Level 1.1 Short Blades
 - Level 2.1 Dodging
 + Level 11.2 Stealth
 - Level 2.0 Spellcasting
 + Level 10.1 Hexes


You had 3 spell levels left.
You knew the following spells:

 Your Spells              Type           Power        Failure   Level  Hunger
a - Confuse               Hex            #####...     1%          3    ###....
b - Ensorcelled Hibernat  Hex/Ice        ###...       3%          2    ###....
c - Tukima's Dance        Hex            #####...     1%          3    ###....


Dungeon Overview and Level Annotations

Branches:
Dungeon (5/15)
 Temple: D:4-7

Altars:
Fedhas
Hepliaklqana
Vehumet
Xom

Annotations:
D:5 Dowan, Duvessa, Sigmund Sewer Ijustatesigmund's ghost, amateur OpAs


Innate Abilities, Weirdness & Mutations

You have razor-sharp teeth.
You have supernaturally acute eyesight. (SInv)
You can survive without breathing.


Message History

You hit the river rat.
The river rat is lightly wounded.
You feel less wooden.
Your +0 cloak unmelds from your body.
Your +1 hat unmelds from your body.
Your +0 robe unmelds from your body.
The rat misses you. The rat closely misses you.
The river rat bites you but does no damage.
The river rat closely misses you.
You barely miss the river rat.
The river rat is lightly wounded.
The rat barely misses you. The river rat completely misses you.
The rat closely misses you.
The river rat bites you but does no damage.
You hit the river rat but do no damage.
The river rat is lightly wounded.
The rat closely misses you.
The rat twitches its whiskers.
The river rat bites you but does no damage.
The rat bites you.
You die...

################
##### ≈≈≈≈.r###
≈≈≈≈rrr@#
≈≈≈≈rrrrr#
≈≈≈≈≈rSrr#
≈≈≈≈.JSrS#
≈≈≈≈#..S..
######....#
##...# ##...


You could see an ooze, an adder, 2 river rats, 3 ball pythons and 11 rats.

Vanquished Creatures
  Grinder (D:4)
  Edmund (D:4)
  2 ogres (D:4)
  A centaur (D:4)
  2 howler monkeys
  A crimson imp (D:4)
  A centaur skeleton (D:4)
  An orc priest (D:5)
  Crazy Yiuf (D:4)
  An orc wizard (D:5)
  2 worker ants
  A hound skeleton (D:4)
  4 adders
  3 river rats (Sewer)
  An adder skeleton (D:3)
  3 worms
  4 leopard geckos
  11 orcs
  3 giant cockroaches
  8 goblins
  8 hobgoblins
  15 jackals
  3 kobolds
  4 quokkas
  6 ball pythons
  8 bats
  5 frilled lizards
  A leopard gecko skeleton (D:4)
  A quokka skeleton (D:4)
  16 rats
119 creatures vanquished.

Notes
Turn   | Place    | Note
-------+----------+-------------------------------------------
     0 | D:1      | grindst0ne the Vampire Enchanter began the quest for the Orb.
     0 | D:1      | Reached XP level 1. HP: 13/13 MP: 3/3
   288 | D:1      | Reached XP level 2. HP: 19/19 MP: 5/5
   292 | D:1      | Learned a level 2 spell: Ensorcelled Hibernation
   361 | D:1      | Reached skill level 5 in Stealth
   375 | D:1      | Reached skill level 5 in Hexes
  1116 | D:1      | Reached XP level 3. HP: 19/24 MP: 6/6
  1121 | D:1      | Learned a level 3 spell: Confuse
  1700 | D:2      | Found a hazy altar of Hepliaklqana.
  1719 | D:2      | Reached skill level 6 in Stealth
  2232 | D:2      | Reached XP level 4. HP: 12/30 MP: 0/7
  3035 | D:3      | Found a radiant altar of Vehumet.
  4756 | D:3      | Reached skill level 7 in Stealth
  5184 | D:4      | Found a runed door.
  5208 | D:4      | Noticed Crazy Yiuf
  5212 | D:4      | Killed Crazy Yiuf
  5212 | D:4      | Reached XP level 5. HP: 35/35 MP: 1/8
  5235 | D:4      | Noticed Edmund
  5458 | D:4      | Killed Edmund
  5458 | D:4      | Reached skill level 8 in Stealth
  5822 | D:4      | Found a blossoming altar of Fedhas.
  5872 | D:4      | Reached XP level 6. HP: 41/41 MP: 4/9
  5926 | D:4      | Reached skill level 9 in Stealth
  6800 | D:4      | Found a shimmering altar of Xom.
  6825 | D:4      | Found a shimmering altar of Xom.
  7012 | D:4      | Noticed Grinder
  7027 | D:4      | Killed Grinder
  7027 | D:4      | Reached skill level 10 in Stealth
  7027 | D:4      | Reached XP level 7. HP: 46/46 MP: 0/10
  7354 | D:4      | Found a shimmering altar of Xom.
  7409 | D:4      | Found a shimmering altar of Xom.
  8400 | D:4      | Learned a level 3 spell: Tukima's Dance
  8447 | D:5      | Entered Level 5 of the Dungeon
  8475 | D:5      | Reached skill level 11 in Stealth
  8482 | D:5      | Reached skill level 10 in Hexes
  8564 | D:5      | Noticed Sigmund
  8564 | D:5      | Noticed Dowan
  8578 | D:5      | Noticed Duvessa
  8634 | D:5      | Found a glowing drain.
  8664 | Sewer    | Entered a sewer
  8870 | Sewer    | Reached XP level 8. HP: 52/52 MP: 6/11
  9004 | Sewer    | Noticed Ijustatesigmund's ghost (amateur OpAs)
  9311 | Sewer    | HP: 2/78 [river rat (4)]
  9314 | Sewer    | Slain by a rat

Vault maps used:
D:1:      saegor_arrival_simple_c
D:2:      old_standard_altar, serial_forest, infiniplex_forest_pool,
          infiniplex_forest_lined_2, infiniplex_forest_clump_small,
          infiniplex_forest_clump_small, infiniplex_forest_clump_diagonal,
          grunt_ministairs_15
D:3:      vehumet_crystals, kennysheep_nub
D:4:      xom_redecorated, marbit_many_paths, uniq_edmund, uniq_grinder,
          uniq_crazy_yiuf_cottage
D:5:      cheibrodos_sewer_entry_sluice, first_bread, kennysheep_another_room,
          uniq_sigmund, uniq_duvessa
Sewer:    sewer_minmay_w

Skill      XL: |  1  2  3  4  5  6  7 |
---------------+----------------------+-----
Stealth        | 5 6 7 8 10 11 | 11.2
Hexes          | 5 6 7 8 10 | 10.1
Short Blades   | |  1.1
Dodging        | |  2.1
Spellcasting   | |  2.0

Action                   |  1- 3 |  4- 6 |  7- 9 || total
-------------------------+-------+-------+-------++-------
Melee: Dagger            |   151 |   192 |   196 ||   539
       Bite              |    14 |    17 |     9 ||    40
       Unarmed           |       |       |     1 ||     1
 Cast: Ensorcelled Hiber |    18 |    56 |    38 ||   112
       Confuse           |       |     9 |    15 ||    24
 Abil: End Transformatio |       |       |     3 ||     3
       Bat Form          |       |       |     3 ||     3
  Use: Scroll            |     5 |     3 |     2 ||    10
       Potion            |     1 |    10 |    15 ||    26
 Stab: Sleeping          |    18 |    25 |    18 ||    61
       Confused          |       |     6 |     4 ||    10
Armor: Robe              |    34 |    22 |    60 ||   116
       Skin              |       |       |   118 ||   118
Dodge: Dodged            |   108 |   127 |   163 ||   398
